 BcadrenCrawl: Boulder Brew version 0.04.2-10-g17648f679b (webtiles) character file.

Game seed: 13686286572288399809, levelgen mode: deterministic

1430 diana the Fighter (level 8, -2/127 HPs) Magenta Draconian Berserker. Began on May 1, 2021. Was an Elder of Trog. Killed by a guardian mummy's death curse (31 damage) ... on level 3 of the Dungeon. The game lasted 00:06:44 (2500 turns).

diana the Fighter (Magenta Draconian Berserker)     Turns: 2500, Time: 00:06:44

Health: -2/127     AC:  7    Str: 26    XL:     8 ^: 754
Magic:  8/8        EV: 10    Int:  8    God:    Trog [4* [106]]
Gold:   86         SH:  0    Dex: 11    Spells: 7/7 levels left

rFire    . . .     Vision   .   b - lantern of shadows
rCold    . . .     Gourm    .     - Unarmed
rNeg     . . .     Faith    .   (armour unavailable)
rPois    .         Spirit   .   (helmet restricted)
rElec    .         Reflect  .   (no cloak)
rCorr    .         Harm     .   (no gloves)
MR       +....     Rnd*Rage +   (no boots)
Stlth    ..........             j - amulet of the acrobat
HPRegen  0.52/turn              g - ring of protection from magic
MPRegen  0.18/turn              (no ring)

@: berserking, repel missiles, very quick
A: no body armour, unfitting armour, cold-blooded, charms enhancer 1, rMsl, AC
+7
a: Breathe Fog, Berserk, Trog's Hand, Brothers in Arms, Renounce Religion


You were on level 3 of the Dungeon.
You worshipped Trog.
Trog was greatly pleased with you.
You were not hungry.

You visited 1 branch of the dungeon, and saw 3 of its levels.

You collected 86 gold pieces.

Inventory:

Weapons
 k - a +1 war axe
Jewellery
 c - an uncursed amulet of rage
 g - a ring of protection from magic (left hand)
 j - an amulet of the acrobat (around neck)
Scrolls
 f - 2 scrolls of teleportation
 h - 3 scrolls of blinking
 i - a scroll of fog
 m - a scroll of silence
Potions
 d - 2 potions of ambrosia
 e - a potion of invisibility
 l - a potion of curing
 o - a potion of brilliance
Miscellaneous
 b - a lantern of shadows (shield)
Comestibles
 a - 4 rations
 n - 3 chunks of flesh


   Skills:
 + Level 12.6 Fighting
 - Level 2.4 Dodging
 - Level 2.6 Unarmed Combat


You had 7 spell levels left.
You didn't know any spells.
Your spell library was empty.

Dungeon Overview and Level Annotations

Branches:
Dungeon (3/8)

Altars:
Okawaru


Innate Abilities, Weirdness & Mutations

You cannot fit into any form of body armour.
Your hazy amethyst scales are resilient. (AC +7)
You can breathe clouds of thick fog.
You are cold-blooded and may be slowed by cold attacks.
You are in touch with the powers of charms.
Your hazy amethyst scales passively repel missiles. (rMsl)
You frequently lose your temper in combat.
This godly rage surpasses even clarity. (*Rage)


Message History

You hit the guardian mummy but do no damage.
The guardian mummy is almost destroyed. (4/48) HP The guardian mummy blocks your attack.
Your shadow misses the guardian mummy (0).
The guardian mummy ripostes.
The guardian mummy hits your shadow with a scimitar (25)!!
The guardian mummy blocks your attack.
You hit the guardian mummy (3).
The guardian mummy is almost destroyed. (1/48) HP The guardian mummy hits you with a scimitar (8)!
* * * LOW HITPOINT WARNING * * *
The guardian mummy blocks your shadow's attack.
The guardian mummy blocks your attack. The guardian mummy blocks your attack.
You hit the guardian mummy (1).
You destroy the guardian mummy!
Trog accepts your kill.
You feel extremely nervous for a moment...
You convulse helplessly as pain tears through your body!
You die...

#.......# #.......#
#.......# ........#
#########
........######........
..................$...
......................
......................
......?.........@.....
.####...........W)#.##
.# ##..#+####..#># #
...# #..### #.#.# #...
#. .# #..


You could see a friendly shadow.

Vanquished Creatures
  Menkaure (D:2)
  A guardian mummy (D:3)
  Purgy (D:2)
  A water moccasin (D:2)
  A big kobold (D:2)
  A crocodile (D:2)
  A bullfrog (D:2)
  7 jellies (D:2)
  A worker ant (D:3)
  5 giant cockroaches (D:1)
  An adder (D:3)
  11 sewer rats (D:2)
  5 cinder newts
  A worm (D:2)
  An ooze (D:2)
  A dart slug (D:1)
  4 leopard geckos
  6 bats (D:1)
  2 goblins (D:1)
  A hobgoblin (D:1)
  A quokka (D:3)
  3 ball pythons
  9 kobolds
  A quokka skeleton (D:3)
  5 rats (D:1)
  3 withered plants (D:2)
75 creatures vanquished.

Vanquished Creatures (collateral kills)
  3 big kobolds (D:2)
  A bullfrog (D:2)
  7 jellies (D:2)
  A merfolk siren (D:2)
  A giant cockroach (D:2)
  4 adders (D:2)
  7 sewer rats (D:2)
  3 cinder newts (D:2)
  An ooze (D:2)
  A dart slug (D:1)
  5 leopard geckos
  2 bats
  A cinder newt skeleton (D:2)
  3 goblins
  A hobgoblin (D:1)
  3 kobolds
  A ball python (D:2)
  3 withered plants (D:2)
48 creatures vanquished.

Vanquished Creatures (others)
  A giant cockroach (D:2)
  2 slimeheads (D:2)
  148 withered plants (D:2)
151 creatures vanquished.

Grand Total: 274 creatures vanquished

Notes
Turn   | Place    | Note
-------+----------+-------------------------------------------
     0 | D:1      | diana the Immature Draconian Berserker began the quest for
                  | the Orb.
     0 | D:1      | Reached XP level 1. HP: 19/19 MP: 1/1
    21 | D:1      | Reached skill level 4 in Fighting
    55 | D:1      | Reached XP level 2. HP: 26/28 MP: 2/2
    99 | D:1      | Reached skill level 5 in Fighting
   114 | D:1      | Reached XP level 3. HP: 34/36 MP: 3/3
   248 | D:1      | Reached skill level 6 in Fighting
   248 | D:1      | Reached XP level 4. HP: 41/44 MP: 4/4
   273 | D:1      | Reached ** piety under Trog
   273 | D:1      | Received a gift from Trog
   699 | D:2      | Noticed a water moccasin
   707 | D:2      | Killed a water moccasin
   707 | D:2      | Reached skill level 7 in Fighting
   707 | D:2      | Reached XP level 5. HP: 53/53 MP: 5/5
   769 | D:2      | Reached skill level 8 in Fighting
   777 | D:2      | Reached XP level 6. HP: 61/61 MP: 6/6
   834 | D:2      | Found an iron altar of Okawaru.
   877 | D:2      | Noticed Purgy
   887 | D:2      | Killed Purgy
   887 | D:2      | Reached skill level 9 in Fighting
   945 | D:2      | Your scales start taking on a hazy amethyst colour.
   945 | D:2      | Reached XP level 7. HP: 58/70 MP: 7/7
   945 | D:2      | Gained mutation: Your hazy amethyst scales passively repel
                  | missiles. (rMsl) [Magenta Draconian growth]
   945 | D:2      | Gained mutation: You are in touch with the powers of
                  | charms. [Magenta Draconian growth]
   948 | D:2      | Reached *** piety under Trog
  1070 | D:2      | Reached skill level 10 in Fighting
  1126 | D:2      | Received a gift from Trog
  1281 | D:2      | Noticed Menkaure
  1284 | D:2      | Killed Menkaure
  1295 | D:2      | Reached skill level 11 in Fighting
  1556 | D:2      | Reached **** piety under Trog
  1557 | D:2      | Reached XP level 8. HP: 68/82 MP: 8/8
  1835 | D:2      | Reached skill level 12 in Fighting
  2500 | D:3      | Killed by a guardian mummy's death curse

Levels and vault maps discovered:
D:1:      dpeg_arrival_arbitrary_b, layout_loops_ring, first_ration, st_stairs_8
D:2:      layout_sewer, st_hidden_mermaid, kennysheep_okawaru_gauntlet,
          uniq_purgy, uniq_menkaure
D:3:      layout_basic, miniossuary_due_ghosttown

Skill      XL: |  1  2  3  4  5  6  7  8 |
---------------+-------------------------+-----
Fighting       | 4 5 6 7 8 9 11 12 | 12.6
Dodging        | |  2.4
Unarmed Combat | |  2.6

Action                   |  1- 3 |  4- 6 |  7- 9 || total
-------------------------+-------+-------+-------++-------
Melee: Unarmed           |    39 |   107 |   179 ||   325
       Tailslap          |     5 |    14 |    15 ||    34
 Stab: Distracted        |       |       |     3 ||     3
  Eat: Chunk             |       |       |     6 ||     6
Armor: Skin              |     7 |    34 |    36 ||    77
Dodge: Dodged            |    10 |    45 |    68 ||   123
